Map: Scythe of Amon

Players

iricar

  • Race: Zerg Zerg
  • Spawn Location: 5:00

BombMan

  • Race: Terran Terran
  • Spawn Location: 5:00

VOD

Have the link to the VOD?

Description

Time

  • Played on: April 9, 2023, 11:35 p.m.
  • Length: 18:14
Show
View Real Time Build Order
Export as new Build Order

iricar Zerg 

Build Orders:  

Get SALT Encoding   

  6  0:12  Drone x2  
  7  0:21  Drone x2  
  8  0:33  Drone x2  
  9  0:56  Drone x2  
  9  0:59  Overlord  
  10  1:05  Drone x2, Extractor  
  10  1:06  Drone x2  
  11  1:26  Spawning Pool  
  11  1:41  Drone x4  
  11  1:47  Extractor, Drone x2  
  13  1:54  Drone x2  
  14  2:22  Centrifugal Hooks  
  14  2:23  Baneling Nest  
  14  2:39  Hatchery  
  13  2:48  Overlord  
  13  2:52  Metabolic Boost  
  13  3:15  Drone x2  
  13  3:19  Overlord  
  14  3:39  Lair  
  14  3:43  Zergling x9  
  14  3:44  Zergling x6  
  14  3:47  Zergling x3  
  14  3:49  Zergling x3  
  25  4:09  Baneling  
  22  4:10  Baneling x11  
  22  5:02  Hardened Carapace  
  22  5:07  Zergling x3  
  22  5:08  Zergling x21  
  22  5:09  Zergling x12  
  40  5:24  Zergling x6  
  37  5:58  Overlord  
  37  6:01  Hive  
  37  6:22  Queen  
  33  6:42  Evolution Chamber  
  33  6:43  Evolution Chamber  
  31  7:15  Queen  
  31  7:17  Zergling x3  
  31  7:18  Zergling x33  
  31  8:05  Zergling x3  
  31  8:06  Zergling x21  
  30  8:25  Zerg Ground Armor Level 1  
  28  8:31  Shredding Claws  
  28  8:35  Zergling x3  
  28  8:36  Zergling x15  
  30  9:25  Scourge Nest  
  29  9:32  Aberration x2  
  29  9:35  Zergling x3  
  29  9:36  Zergling x3  
  29  9:37  Zergling x15  
  26  10:39  Zergling x15  
  31  10:40  Zergling x33  
  31  10:45  Drone x2  
  49  11:06  Unknown  
  49  11:15  Hatchery  
  48  11:26  Simplified Genome  
  48  12:01  Adrenal Overload  
  48  12:04  Zerg Ground Armor Level 2  
  48  12:26  Unknown  
  52  12:39  Unknown  
  52  12:41  Drone x4  
  52  12:43  Unknown  
  52  12:45  Drone x2  
  55  13:00  Overseer x2  
  55  13:03  Baneling x2  
  55  13:04  Baneling x10  
  54  13:39  Scourge x3  
  48  13:40  Scourge x18  
  42  14:18  Drone x2  
  43  14:20  Drone x6  
  43  14:21  Drone x6  
  43  14:22  Drone x6  
  43  14:23  Drone x2  
  43  14:24  Baneling x2, Drone x2  
  54  14:30  Extractor  
  54  14:32  Aberration x2  
  53  14:56  Extractor  
  53  15:00  Hatchery  
  53  15:09  Aberration  
  55  15:13  Overlord x2  
  55  15:15  Unknown  
  55  15:24  Baneling x4  
  55  15:25  Baneling x21  
  55  16:13  Zergling x3  
  55  16:14  Zergling x24  
  69  16:34  Zergling x3  
  69  16:35  Zergling x6, Overlord, Aberration  
  69  16:38  Overlord  
  47  17:06  Zergling x9  
  47  17:07  Zergling x6  
  49  17:15  Unknown x3  
Show
View Real Time Build Order
Export as new Build Order

BombMan Terran 

Build Orders:  

Get SALT Encoding   

  12  0:04  SCV  
  13  0:21  SCV  
  14  0:38  Barracks, SCV  
  15  0:55  SCV  
  16  1:01  Refinery  
  16  1:12  SCV  
  17  1:20  Refinery  
  17  1:29  SCV  
  18  1:45  SCV  
  19  2:02  SCV  
  19  2:04  Engineering Bay  
  20  2:19  SCV  
  21  2:22  Barracks Tech Lab  
  21  2:30  Factory  
  21  3:20  Elite Marine  
  25  3:35  Armory  
  25  3:44  Factory Tech Lab  
  25  3:58  Defensive Drone  
  25  4:45  Engineering Bay  
  25  5:22  Starport  
  24  6:28  Strike Goliath  
  30  6:34  Starport Tech Lab  
  30  6:36  Laser Targeting System  
  30  6:41  Ares-Class Targeting System  
  30  7:04  Raven Type-II  
  32  7:21  Railgun Turret  
  32  7:36  Super Stimpack  
  32  7:39  Elite Marine  
  35  8:01  Defensive Drone  
  30  8:24  Lockdown Missiles  
  30  8:51  Strike Goliath  
  36  9:04  SCV  
  37  9:16  Hellbat Rangers  
  35  9:46  Defensive Drone  
  21  10:06  Hellbat Rangers  
  25  10:24  Instant Regeneration  
  25  10:49  Command Center  
  25  11:36  Ghost Visor  
  25  11:39  Terran Infantry Armor Level 1  
  25  11:42  Terran Vehicle And Ship Armor Level 1  
  25  11:58  Suppression Shells  
  25  12:09  Elite Marine  
  29  12:33  Refinery  
  29  12:54  SCV  
  30  13:02  Terran Infantry Weapons Level 1  
  30  13:11  SCV  
  30  13:12  Raven Type-II  
  30  13:19  Defensive Drone  
  32  13:23  Defensive Drone  
  32  13:25  Refinery  
  32  13:27  SCV x2  
  30  13:42  Railgun Turret  
  30  13:44  SCV x2  
  30  13:48  Instant Regeneration  
  26  14:01  SCV  
  26  14:06  SCV  
  28  14:17  Strike Goliath  
  28  14:18  SCV  
  35  14:35  SCV  
  36  14:52  SCV  
  37  15:09  SCV  
  38  15:14  Railgun Turret  
  38  15:26  SCV  
  39  15:40  Heavy Siege Tank  
  39  15:43  SCV  
  46  16:22  Railgun Turret  
  46  16:23  Instant Regeneration  
  32  17:02  Elite Marine  
  36  17:22  Raid Liberator  
Tags
 
Add a new tag
Caveats
  • Supply blocks, unpowered buildings, or Contaminate may cause inaccurate times.
  • Supply counts are checked every 10 seconds.